 Dungeon Crawl Stone Soup version 0.32-a0-814-g0968bab981 (webtiles) character file.

Game seed: 14240965884059180719

2685 smashvw the Charlatan (level 9, -1/68 HPs)
             Began as a Gnoll Wanderer on Mar 22, 2024.
             Was an Initiate of Ashenzari.
             Slain by an orc warrior
             ... wielding a +1 vampiric short sword
              (15 damage)
             ... on level 6 of the Dungeon.
             The game lasted 00:17:54 (7533 turns).

smashvw the Charlatan (Gnoll Wanderer)              Turns: 7533, Time: 00:17:55

Health: -1/68      AC: 12    Str: 12    XL:     9   Next: 64%
Magic:  15/15      EV: 10    Int: 17    God:    Ashenzari [......]
Gold:   367        SH:  5    Dex: 16    Spells: 17/17 levels left

rFire   . . .        r - +4 dagger (speed)
rCold   . . .        (no shield)
rNeg    . . .        n - +0 scale mail
rPois   .            j - +2 helmet
rElec   .            (no cloak)
rCorr   .            (no gloves)
SInv    .            x - +0 pair of boots "Share My Water Diviner" {Melee, Cun} (curse)
Will    .....        f - amulet of reflection
Stlth   ++           k - ring of flight
HPRegen 0.31/turn    y - +6 ring of intelligence
MPRegen 0.14/turn

%: reflection
@: flying, hasted, very quick
A: fangs 1, strong nose, distributed training
a: Renounce Religion, Shatter the Chains


You were on level 6 of the Dungeon.
You worshipped Ashenzari.
Ashenzari was noncommittal.
You visited 2 branches of the dungeon, and saw 8 of its levels.
You also visited: Sewer.

You collected 367 gold pieces.

Inventory:

Hand Weapons
 a - a +0 rapier
 b - a +0 falchion
 r - a +4 dagger of speed (weapon)
Missiles
 e - 17 poisoned darts (quivered)
 A - 15 stones
Armour
 j - a +2 helmet (worn)
 n - a +0 scale mail (worn)
 x - the cursed +0 pair of boots "Share My Water Diviner" (worn) {Melee, Cun}
   (You found it on level 3 of the Dungeon)

   It has a curse which improves the following skills: Melee Combat: Short
   Blades, Long Blades, Axes, Maces & Flails, Polearms, Staves and Unarmed
   Combat.
   Cunning:   Dodging and Stealth.
Jewellery
 f - an amulet of reflection (around neck)
 k - a ring of flight (left hand)
 o - a ring of protection from cold
 s - an amulet of the acrobat
 y - a +6 ring of intelligence (right hand)
Scrolls
 d - 2 scrolls of silence
 g - 2 scrolls of revelation
 h - 3 scrolls of teleportation
 l - a scroll of vulnerability
 m - a scroll of blinking
 C - a scroll of immolation
Potions
 c - 3 potions of heal wounds
 i - 3 potions of haste
 q - a potion of brilliance {unknown}
 t - a potion of might {unknown}
 u - a potion of ambrosia
 v - a potion of magic {unknown}
 w - 3 potions of curing
 B - a potion of attraction {unknown}


   Skills:
 + Level 5.3 Fighting
 + Level 6.6(7.0) Short Blades
 + Level 5.3(5.7) Long Blades
 + Level 4.6(5.0) Axes
 + Level 4.6(5.0) Maces & Flails
 + Level 4.6(5.0) Polearms
 + Level 4.6(5.0) Staves
 + Level 4.6 Ranged Weapons
 + Level 4.6 Throwing
 + Level 6.6 Armour
 + Level 5.3(5.7) Dodging
 + Level 4.6(5.0) Stealth
 + Level 4.6 Shields
 + Level 4.6(5.0) Unarmed Combat
 + Level 4.6 Spellcasting
 + Level 3.8 Conjurations
 + Level 3.8 Hexes
 + Level 3.8 Summonings
 + Level 3.8 Necromancy
 + Level 3.8 Translocations
 + Level 3.8 Fire Magic
 + Level 3.8 Ice Magic
 + Level 3.8 Air Magic
 + Level 3.8 Earth Magic
 + Level 3.8 Alchemy
 + Level 5.8 Invocations
 + Level 6.6 Evocations
 + Level 4.2 Shapeshifting


You had 17 spell levels left.
You didn't know any spells.
Your spell library contained the following spells:

 Spells                   Type           Power      Damage    Failure   Level
 Apportation              Tloc           34%        N/A       13%         1
 Jinxbite                 Hex            34%        N/A       21%         2
 Gell's Gravitas          Tloc           17%        N/A       36%         3
 Teleport Other           Tloc           17%        N/A       36%         3
 Volatile Blastmotes      Fire/Tloc      34%        2d12      36%         3
 Fulminant Prism          Conj/Alch      8%         3d7       78%         4
 Iskenderun's Mystic Bla  Conj/Tloc      17%        2d5       78%         4
 Alistair's Intoxication  Alch           11%        N/A       98%         5
 Dispersal                Tloc           8%         N/A       100%        6


Dungeon Overview and Level Annotations

Branches:
Dungeon (7/15)             Temple (1/1) D:6           Sewer (visited)

Altars:
Ashenzari
Cheibriados
Elyvilon
Fedhas
Gozag
Kikubaaqudgha
Makhleb
Nemelex Xobeh
Ru
Sif Muna
Trog
Uskayaw
Wu Jian
Yredelemnul
Zin
The Shining One

Shops:
D:5 :   D:6 (


Innate Abilities, Weirdness & Mutations

You have very sharp teeth.
Your uncanny sense of smell can sniff out nearby items.
Your experience applies equally to all skills.


Message History

The orc warrior is moderately wounded.
The orc warrior barely misses you.
Throw: 19 darts (poison)
Press: ? - help, Q - select action, (/) - cycle Shift-Dir - straight line, f/p - orc warrior
Aim: an orc warrior, wielding a +1 vampiric short sword and wearing a +0 chain mail (moderately wounded, fast, strong, frenzied and wild, 58% to hit)
You throw a poisoned dart. The poisoned dart hits the orc warrior.
The orc warrior is poisoned.
The orc warrior is moderately wounded.
The orc warrior hits you with a +1 vampiric short sword.
* * * LOW HITPOINT WARNING * * *
Throw: 18 darts (poison)
Press: ? - help, Q - select action, (/) - cycle Shift-Dir - straight line, f/p - orc warrior
Aim: an orc warrior, wielding a +1 vampiric short sword and wearing a +0 chain mail (moderately wounded, fast, strong, frenzied and wild, poisoned, 58% to hit)
You throw a poisoned dart.
The poisoned dart closely misses the orc warrior.
The orc warrior misses you.
You feel much better.
The orc warrior hits you with a +1 vampiric short sword!
* * * LOW HITPOINT WARNING * * *
The orc warrior draws strength from your wounds!
The orc warrior misses you.
You feel yourself speed up. You block the orc warrior's attack.
You hit the orc warrior.
The orc warrior is lightly wounded.
The orc warrior hits you with a +1 vampiric short sword.
* * * LOW HITPOINT WARNING * * *
The orc warrior draws strength from your wounds!
You barely miss the orc warrior.
The orc warrior is lightly wounded.
You closely miss the orc warrior.
The orc warrior is lightly wounded.
You block the orc warrior's attack.
You completely miss the orc warrior.
The orc warrior is lightly wounded.
You closely miss the orc warrior.
The orc warrior is lightly wounded.
You closely miss the orc warrior.
The orc warrior is lightly wounded.
The orc warrior hits you with a +1 vampiric short sword!
You die...

#...##
#.......###.#
###..####
#######.# #.#
##....## #.# #.#
####..# #.###.#
##.## #.#...#
#..#######.....#
##...#....∩....#
###.#.###.....#
###.#@# #....[#
#...#o# #.#####
#.#..)# #.#
#^#..># #.#
#.##### #.#
#.#...# #.#
#.#.#.###.#
#.#.#.....#
#.#.#######


You could see a neutral orc warrior (fast, strong, frenzied, poisoned).

Vanquished Creatures
  Sigmund (D:3)
  A water moccasin (D:6)
  Pargi (D:3)
  3 ice beasts
  A crocodile (Sewer)
  A sky beast (D:6)
  A centaur (D:7)
  2 ogres (D:4)
  2 kobold brigands (Sewer)
  2 scorpions
  A howler monkey (D:6)
  2 bombardier beetles
  2 orc priests (D:6)
  10 hounds
  2 jellies (D:6)
  6 iguanas
  3 sleepcaps
  Natasha (thrice) (D:3)
  8 orc wizards
  4 gnolls
  8 adders
  2 river rats (Sewer)
  A white imp (D:5)
  3 ufetubi
  5 dart slugs
  22 orcs
  5 endoplasms
  8 giant cockroaches
  5 goblins
  9 hobgoblins
  3 jackals (D:1)
  5 quokkas
  10 ball pythons
  3 bats
  6 frilled lizards
  11 kobolds
  8 rats
170 creatures vanquished.

Vanquished Creatures (collateral kills)
  2 orcs (D:6)
2 creatures vanquished.

Vanquished Creatures (others)
  A kobold brigand (Sewer)
  A bombardier beetle (D:6)
2 creatures vanquished.

Grand Total: 174 creatures vanquished

Notes
Turn   | Place    | Note
-------+----------+-------------------------------------------
     0 | D:1      | smashvw the Gnoll Wanderer began the quest for the Orb.
     0 | D:1      | smashvw set off with the following items: a +0 rapier, a +0
                  | falchion, a wand of flame (3), a scroll of silence, a +0
                  | leather armour.
     0 | D:1      | Reached XP level 1. HP: 17/17 MP: 2/2
   163 | D:1      | Reached XP level 2. HP: 22/23 MP: 3/3
   790 | D:2      | Reached XP level 3. HP: 27/28 MP: 4/4
  1461 | D:3      | Reached skill level 1 in Axes
  1461 | D:3      | Reached skill level 1 in Maces & Flails
  1461 | D:3      | Reached skill level 1 in Polearms
  1461 | D:3      | Reached skill level 1 in Staves
  1461 | D:3      | Reached skill level 1 in Ranged Weapons
  1461 | D:3      | Reached skill level 1 in Throwing
  1461 | D:3      | Reached skill level 1 in Stealth
  1461 | D:3      | Reached skill level 1 in Shields
  1461 | D:3      | Reached skill level 1 in Unarmed Combat
  1461 | D:3      | Reached skill level 1 in Spellcasting
  1485 | D:3      | Noticed Pargi
  1611 | D:3      | Noticed Sigmund
  1682 | D:3      | Reached skill level 1 in Conjurations
  1682 | D:3      | Reached skill level 1 in Hexes
  1682 | D:3      | Reached skill level 1 in Summonings
  1682 | D:3      | Reached skill level 1 in Necromancy
  1682 | D:3      | Reached skill level 1 in Translocations
  1682 | D:3      | Reached skill level 1 in Fire Magic
  1682 | D:3      | Reached skill level 1 in Ice Magic
  1682 | D:3      | Reached skill level 1 in Air Magic
  1682 | D:3      | Reached skill level 1 in Earth Magic
  1682 | D:3      | Reached skill level 1 in Alchemy
  1682 | D:3      | Reached skill level 1 in Shapeshifting
  1682 | D:3      | Reached XP level 4. HP: 18/34 MP: 6/6
  1722 | D:3      | Found a glowing drain.
  1750 | Sewer    | Entered a sewer
  1830 | Sewer    | Reached XP level 5. HP: 38/40 MP: 7/7
  1856 | Sewer    | Noticed a kobold brigand
  1856 | Sewer    | Noticed a crocodile
  1892 | Sewer    | Killed a crocodile
  2060 | Sewer    | Killed a kobold brigand
  2061 | Sewer    | Reached skill level 5 in Short Blades
  2061 | Sewer    | Reached skill level 5 in Armour
  2061 | Sewer    | Reached skill level 5 in Evocations
  2061 | Sewer    | Reached XP level 6. HP: 6/47 MP: 7/9
  2709 | Sewer    | Reached XP level 7. HP: 52/52 MP: 10/10
  2793 | D:3      | Found a faded altar of an unknown god.
  2794 | D:3      | Noticed Natasha
  2800 | D:3      | Killed Natasha
  3021 | D:3      | Killed Sigmund
  3199 | D:3      | Noticed Natasha
  3208 | D:3      | Killed Natasha
  3380 | D:3      | Noticed Natasha
  3400 | D:3      | Killed Natasha
  3442 | D:3      | Killed Pargi
  3609 | D:4      | Reached XP level 8. HP: 32/60 MP: 12/12
  4097 | D:4      | Noticed a +0 dagger
  4098 | D:4      | Noticed a +0 dagger
  4108 | D:4      | Found a hide-covered altar of Uskayaw.
  4512 | D:5      | Entered Level 5 of the Dungeon
  4512 | D:5      | Found Bukacow's Book Boutique.
  5054 | D:4      | HP: 1/61 [ogre/+0 giant club (30)]
  5362 | D:5      | Found a sacrificial altar of Ru.
  5375 | D:5      | Reached skill level 5 in Invocations
  5685 | D:5      | Reached XP level 9. HP: 58/66 MP: 14/14
  6068 | D:6      | Reached skill level 5 in Fighting
  6068 | D:6      | Reached skill level 5 in Long Blades
  6068 | D:6      | Reached skill level 5 in Dodging
  6239 | D:6      | Found a staircase to the Ecumenical Temple.
  6246 | Temple   | Entered the Ecumenical Temple
  6254 | Temple   | Became a worshipper of Ashenzari the Shackled
  6754 | D:6      | Found Caxeor's Weapon Shop.
  7514 | D:6      | HP: 3/68 [orc warrior/+1 vampiric short sword (4)]
  7533 | D:6      | Slain by an orc warrior

Illustrated notes

Levels and vault maps discovered:
D:1:      lightli_arrival_statuegarden, layout_basic
D:2:      layout_loops_ring, minmay_goblin_outpost
D:3:      layout_rooms, serial_corexii_hall, chequers_hall_statues_corner_a,
          corexii_hall_statues_x, corexii_hall_statues_s,
          corexii_hall_statues_u, corexii_hall_statues_s,
          corexii_hall_statues_deadend, gup_sewer_entry_pipe,
          dreamdust_ecumenical_altar_grove, minmay_misc_feat_rows,
          corexii_hall_statues_x, kennysheep_potato, uniq_natasha, uniq_pargi,
          uniq_sigmund
D:4:      layout_loops_ring, dancing_weapons_uskayaw
D:5:      layout_basic, nicolae_ru_great_annihilating_truth, serial_shops,
          nicolae_stop_n_shop_2, minmay_misc_feat_pillars, cheibrodos_gnoll_hut
D:6:      layout_basic, minmay_temple_entry_purple_smoke, serial_shops, shop,
          st_stairs_1
D:7:      layout_cave_pools, worldfamousw_hep_ancestral_shrine,
          nicolae_overflow_hidden_temple, small_statue_intersection
Temple:   nicolae_temple_great_sept

Skill      XL: |  1  2  3  4  5  6  7  8  9 |
---------------+----------------------------+-----
Axes           | 1 2 3 4 |  4.6
Maces & Flails | 1 2 3 4 |  4.6
Polearms       | 1 2 3 4 |  4.6
Staves         | 1 2 3 4 |  4.6
Ranged Weapons | 1 2 3 4 |  4.6
Throwing       | 1 2 3 4 |  4.6
Stealth        | 1 2 3 4 |  4.6
Shields        | 1 2 3 4 |  4.6
Unarmed Combat | 1 2 3 4 |  4.6
Spellcasting   | 1 2 3 4 |  4.6
Conjurations   | 1 2 3 |  3.8
Hexes          | 1 2 3 |  3.8
Summonings     | 1 2 3 |  3.8
Necromancy     | 1 2 3 |  3.8
Translocations | 1 2 3 |  3.8
Fire Magic     | 1 2 3 |  3.8
Ice Magic      | 1 2 3 |  3.8
Air Magic      | 1 2 3 |  3.8
Earth Magic    | 1 2 3 |  3.8
Alchemy        | 1 2 3 |  3.8
Shapeshifting  | 1 2 3 4 |  4.2
Invocations    | 3 4 5 |  5.8
Fighting       | 3 4 5 |  5.3
Long Blades    | 3 4 5 |  5.3
Dodging        | 3 4 5 |  5.3
Short Blades   | 5 6 |  6.6
Armour         | 5 6 |  6.6
Evocations     | 5 6 |  6.6

Action                     |  1- 3 |  4- 6 |  7- 9 || total
---------------------------+-------+-------+-------++-------
  Melee: Rapier            |   124 |   175 |       ||   299
         Bite              |     8 |    15 |    95 ||   118
         Dagger            |       |    17 |   738 ||   755
  Throw: Stone             |     7 |     4 |    16 ||    27
         Dart              |       |     7 |    44 ||    51
 Invoke: Curse Item        |       |       |     1 ||     1
  Evoke: Wand              |     3 |       |       ||     3
    Use: Potion            |     2 |     1 |     4 ||     7
         Scroll            |     1 |       |     9 ||    10
   Stab: Sleeping          |     1 |       |     1 ||     2
         Paralysed         |       |       |     1 ||     1
         Distracted        |       |       |     1 ||     1
 Armour: Leather armour    |    31 |       |       ||    31
         Scale mail        |    54 |   101 |   299 ||   454
  Dodge: Dodged            |    63 |    56 |   152 ||   271
  Block: Other             |    41 |    41 |    82 ||   164
         Reflection        |     2 |     5 |     4 ||    11

Table legend: (Time is in decaauts)
 A = Elapsed time spent in this place.
 B = Non-inter-level travel time spent in this place.
 C = Inter-level travel time spent in this place.
 D = Time resting spent in this place.
 E = Time spent auto-exploring this place.
 F = Levels seen in this place.
 G = Mean time per level.
                   A        B        C        D        E       F      G
               +--------+--------+--------+--------+--------+-----+--------+
         Total |   7112 |   6871 |    241 |    708 |   4590 |   9 |  790.2 |
       Dungeon |   6089 |   5862 |    227 |    494 |   4120 |   7 |  869.9 |
        Temple |     16 |      2 |     14 |      0 |      0 |   1 |   16.0 |
         Sewer |   1006 |   1006 |      0 |    214 |    470 |   1 | 1006.0 |
               +--------+--------+--------+--------+--------+-----+--------+

Top non-repeatable levels by time:
     D:6: 1421 daAuts
     D:4: 1115 daAuts
     D:3: 1019 daAuts
   Sewer: 1006 daAuts
     D:5: 889 daAuts
     D:2: 852 daAuts
     D:1: 645 daAuts
     D:7: 144 daAuts
  Temple: 16 daAuts
